[Event "Late-Titled-Tuesday-Blitz-April-02-2024"]
[Site "Chess.com"]
[Date "2024.04.02"]
[Round "5"]
[White "Shankland"]
[Black "dropstoneDP"]
[Result "0-1"]
[WhiteElo "2902"]
[BlackElo "2987"]
[TimeControl "180+1"]
[EndTime "14:54:42 PDT"]
[Termination "dropstoneDP won by resignation"]

1. d4 d5 2. c4 dxc4 3. e3 Nf6 4.
Bxc4 e6 5. Nf3 a6 6. O-O c5 7. Nbd2 cxd4 8. Nxd4 Bc5 9. Bd3 O-O 10. Ne4 Nbd7 11. Nxc5 Nxc5 12. Bc2 e5 13. Nf3 Qxd1 14.
Rxd1 Bg4 15. h3 Bxf3 16. gxf3 Rfd8 17. Bd2 Rac8 18. Bc3 Re8 19. Rd6 Re6 20. Rad1 Rxd6 21. Rxd6 Ne8 22. Rd5 f6 23. Bf5 Rc6 24. Rd8 Kf7 25.
Bxh7 g6 26. Bxg6+ Kxg6 27. Rxe8 Na4 28. Rb8 b5 29. Ra8 Nxc3 30. bxc3 Rxc3 31. Rxa6 b4 32. Kg2 b3 33. axb3 Rxb3 34. Ra4 f5 35. Kg3 Rb1 36.
Ra6+ Kf7 37. f4 e4 38. Kh4 Rg1 39. Kh5 Rg2 40. h4 Kg7 41. Ra2 Kf6 42. Ra7 Rg1 43. Kh6 Rg6+ 44. Kh7 Rg2 45. Ra6+ Kf7 46. Kh6 Rg1 47.
h5 Rg2 48. Rg6 Rxf2 49. Kg5 Rf3 50. Kxf5 Rxe3 51. h6 Rh3 52. Rg7+ Kf8 53. Kg6 Rg3+ 54. Kh7 Rh3 55. Rg5 Kf7 56. Rf5+ Ke6 57. Kg6 Rxh6+ 0-1

[Event "Late-Titled-Tuesday-Blitz-April-02-2024"]
[Site "Chess.com"]
[Date "2024.04.02"]
[Round "5"]
[White "Kacparov"]
[Black "FairChess_on_YouTube"]
[Result "1-0"]
[WhiteElo "2939"]
[BlackElo "3049"]
[TimeControl "180+1"]
[EndTime "14:54:45 PDT"]
[Termination "Kacparov won by resignation"]

1. e4 c5 2. Nf3 Nc6 3. Nc3 e6 4. Bb5 Nd4 5. O-O a6 6. Bd3 Nc6 7. Re1 d6 8. b3 g5 9. g3 g4 10. Nh4 Ne5 11. Bb2 Be7 12. f4 gxf3 13. Nxf3 Bf6 14. Nxe5 Bxe5 15. Na4 h5 16. Qf3 Qg5 17.
Bxe5 Qxe5 18. Nb6 Rb8 19. Nc4 Qd4+ 20. Kg2 Ke7 21. e5 d5 22. Nd6 f5 23. h3 c4 24. bxc4 dxc4 25. Bxc4 Bd7 26. Qa3 Bc6+ 27.
Kf1 Kd7 28. Qb3 Ne7 29. Bxe6+ Kc7 30. Qe3 Qxe3 31. Rxe3 h4 32. g4 fxg4 33. Bxg4 Rbf8+ 34. Kg1 Nd5 35. Rb3 Rhg8 36. Rf1 Nf4 37. Kh2 Ng6 38.
Rf7+ Rxf7 39. Nxf7 Bd5 40. Rc3+ Kb6 41. e6 Nf4 42.
Re3 Bxe6 43. Bxe6 Rg2+ 44. Kh1 Rxd2 45. Bb3 Rd1+ 46. Kh2 Rd2+ 47. Kg1 Ne2+ 48. Kf1 Nd4 49. Ne5 Nxc2 50. Re2 Rxe2 51. Kxe2 Nd4+ 52. Ke3 Nxb3 53. axb3 Kb5 54. Kd3 Kb4 55. Kc2 b5 56. Ng6 a5 57.
Nxh4 a4 58. bxa4 bxa4 59. Nf3 a3 60. h4 Kc4 61. Kb1 Kd5 62. Ka2 Ke4 63. Kxa3 Kf4 64.
Kb3 Kg4 65. Kc3 Kf4 66. Kd3 Kxf3 67. h5 1-0

[Event "Late-Titled-Tuesday-Blitz-April-02-2024"]
[Site "Chess.com"]
[Date "2024.04.02"]
[Round "5"]
[White "flawian2008"]
[Black "rhwr"]
[Result "1-0"]
[WhiteElo "2530"]
[BlackElo "2287"]
[TimeControl "180+1"]
[EndTime "14:54:47 PDT"]
[Termination "flawian2008 won by resignation"]

1. d4 c5 2. d5 d6 3. e4 Nf6 4. Nc3 g6 5. Nf3 Bg7 6. a4 O-O 7. Bd3 Na6 8. O-O Nb4 9. Re1 a6 10. h3 Rb8 11. Bf1 Bd7 12. e5 dxe5 13. Nxe5 Bf5 14.
Re2 Nfxd5 15. Nxd5 Qxd5 16. Qxd5 Nxd5 17. Nf3 Rfe8 18.
c3 e5 19. Ng5 h6 20. Ne4 Bxe4 21. Rxe4 b5 22. axb5 axb5 23. Ra5 b4 24. Rxc5 bxc3 25.
bxc3 Rb1 26. Re1 Nf4 27. Rb5 Rxb5 28. Bxb5 Rc8 29. Bd2 Ne6 30. Ra1 e4 31. Ra3 Rd8 32.
Be3 Rd1+ 33. Kh2 Be5+ 34. g3 Ng5 35. Be2 Nf3+ 36. Bxf3 exf3 37. Bxh6 Rd3 38. Be3 Rxc3 39. Ra5 Bf6 40. Ra4 Rd3 41. Rf4 Bg5 42. Rxf3 Bxe3 43. Rxe3 Rd2 44. Kg2 Kg7 45. Re7 Kf6 46. Ra7 Rd3 47. f4 Rc3 48. g4 Kg7 49. Ra4 Rb3 50.
Kf2 Rc3 51. Kg2 Rb3 52. Re4 Rc3 53. Re2 Rb3 54. Rf2 Rc3 55. Rf3 Rc4 56. Kg3 f6 57.
Ra3 Kh6 58. h4 Rb4 59. g5+ fxg5 60. hxg5+ Kg7 61. Ra7+ Kg8 62. Kg4 Rc4 63. Ra6 Kg7 64. Rf6 Rb4 65. Kf3 Rc4 66. Ke3 Rb4 67. Rd6 Kf7 68.
Rf6+ Kg7 69. Rd6 Kf7 70. Rd4 Rb1 71. Rd7+ Ke6 72. Rg7 Kf5 73. Rf7+ Ke6 74. Rf6+ Ke7 75. Rxg6 Rb3+ 76. Ke4 Rb4+ 77. Kf5 Rb5+ 78. Kg4 Rb4 79. Ra6 Kf7 80. Ra5 Rc4 81. Kf5 1-0

[Event "Late-Titled-Tuesday-Blitz-April-02-2024"]
[Site "Chess.com"]
[Date "2024.04.02"]
[Round "5"]
[White "akanga001"]
[Black "jcmesafischer"]
[Result "0-1"]
[WhiteElo "2140"]
[BlackElo "2372"]
[TimeControl "180+1"]
[EndTime "14:54:49 PDT"]
[Termination "jcmesafischer won by checkmate"]

1. d4 Nf6 2. Nf3 d5 3. Bg5 c5 4. e3 Qb6 5. Qc1 Ne4 6. Bf4 Bf5 7. c3 h6 8. h3 Nc6 9. Nbd2 e6 10. Be2 Rc8 11. O-O Be7 12. a4 O-O 13. Ne5 Na5 14. Nd7 Qd8 15. Nxf8 Nxd2 16. Qxd2 Bxf8 17. Bd1 c4 18. g4 Bh7 19. Re1 Rc6 20. Bc2 Rb6 21. Bxh7+ Kxh7 22. Qc2+ Kg8 23. e4 a6 24. exd5 exd5 25.
Re2 Qf6 26. Bc7 Nb3 27. Rae1 Rc6 28. Be5 Qh4 29. Kg2 h5 30. Bg3 Qf6 31. Re8 hxg4 32. hxg4 g6 33. Be5 Qg5 34. Qe2 f6 35. Bg3 Nd2 36. Qe7 Qh6 37. Rh1 Qg7 38. Qd8 Ne4 39.
f3 Ng5 40. Bf4 Re6 41. Rxe6 Nxe6 42. Qb8 Qe7 43. Bg3 Qd7 44. Qa7 Ng5 45. Qb8 Qe7 46. Re1 Qd7 47. Re8 Qf7 48. Rd8 Ne6 49. Rc8 Ng5 50. Rc7 Qe6 51. Rxb7 Qe2+ 52. Bf2 Qxf3+ 53.
Kf1 Qd1+ 54. Kg2 Qxg4+ 55. Qg3 Qe4+ 56. Kf1 Nf3 57. Kg2 Nd2+ 58. Kh3 Qh1+ 59. Qh2 Qf3+ 60. Qg3 Qh1+ 61. Qh2 Qf1+ 62. Kh4 Qe2 63. Qg3 Qh5# 0-1

[Event "Late-Titled-Tuesday-Blitz-April-02-2024"]
[Site "Chess.com"]
[Date "2024.04.02"]
[Round "5"]
[White "Jahonas"]
[Black "Doublekk14"]
[Result "1-0"]
[WhiteElo "2507"]
[BlackElo "2355"]
[TimeControl "180+1"]
[EndTime "14:54:51 PDT"]
[Termination "Jahonas won on time"]

1. e4 c5 2. Nf3 e6 3. d4 cxd4 4. Nxd4 Nf6 5. Bd3 Nc6 6. Nb3 d6 7. O-O Be7 8. Nc3 O-O 9. a3 Ne5 10. Kh1 a6 11. f4 Nxd3 12. Qxd3 b5 13. Be3 Bb7 14. Rfe1 Qc7 15. Rad1 Rac8 16. Bg1 Rfd8 17. Qe2 Nd7 18. Rd3 Nc5 19. Nxc5 dxc5 20. Red1 Qc6 21. Rxd8+ Rxd8 22. Rxd8+ Bxd8 23. e5 Ba5 24. Nd1 h6 25. c3 b4 26. axb4 cxb4 27. cxb4 Bxb4 28. Ne3 a5 29. h3 Bc5 30. Qc4 Bb4 31. Qxc6 Bxc6 32.
Nc4 Bd5 33. Nb6 Bb3 34. Bd4 Kf8 35. Nd7+ Ke7 36. Nc5 Bd5 37. Kg1 Bd2 38. g3 h5 39.
h4 Kd8 40. Kf2 Kc7 41. Be3 Bb4 42. Nd3 Be7 43. Bd2 Kb6 44. Ke3 Kb5 45. Kd4 Bd8 46. Kc3 a4 47. Be1 Ba5+ 48. Kc2 Bb3+ 49. Kc1 Bb6 50. Bc3 Kc4 51. Kd2 Bd4 52. Bxd4 Kxd4 53.
Nf2 Kc5 54. Kc3 Bd5 55. Nd3+ Kb5 56. Nb4 Bf3 57. Nc2 Be4 58. Nd4+ Kc5 59. Ne2 Bf5 60. Nd4 Be4 61. Ne2 Bd5 62. Nc1 g6 63. Nd3+ Kb6 64. Kb4 Bc6 65. Nc5 Bd5 66. Nxa4+ Kc7 67. Kc5 Kd7 68.
Nc3 Bc6 69. b4 Bb7 70. b5 Kc7 71. b6+ Kd7 72. Nb5 Ba6 73. Nd6 1-0

[Event "Late-Titled-Tuesday-Blitz-April-02-2024"]
[Site "Chess.com"]
[Date "2024.04.02"]
[Round "5"]
[White "giovannibrandao7"]
[Black "carlsenCamacho"]
[Result "1-0"]
[WhiteElo "2173"]
[BlackElo "2283"]
[TimeControl "180+1"]
[EndTime "14:54:56 PDT"]
[Termination "giovannibrandao7 won by resignation"]

1. e4 e5 2. Nf3 Nc6 3. Bb5 f5 4. Nc3 Nf6 5. d3 fxe4 6. dxe4 Bb4 7. O-O Bxc3 8. bxc3 Qe7 9. Re1 d6 10. h3 O-O 11. c4 Nh5 12. Be3 Nf4 13. Bxc6 bxc6 14. Bxf4 Rxf4 15. Re3 Be6 16. Nd2 Raf8 17. Qe2 Qh4 18.
Rf1 Qh6 19. Kh2 c5 20. Ra3 Qf6 21. Rxa7 Rxf2 22. Qxf2 Qxf2 23. Rxf2 Rxf2 24. Nf3 h6 25. Rxc7 Rxc2 26. Rc6 Bxc4 27. Rxd6 Bxa2 28. Nxe5 Re2 29. Rd8+ Kh7 30. Rc8 Rc2 31. Nd7 c4 32. e5 c3 33. e6 Bd5 34. e7 Rxg2+ 35. Kh1 Re2+ 36. Kg1 Rxe7 37. Nf8+ Kg8 38. Ng6+ Kf7 39. Nxe7 Kxe7 40. Rxc3 Kf6 41. Kf2 Be6 42. Kg3 g5 43. Rc6 Ke5 44. Rc7 Kf6 45. h4 gxh4+ 46. Kxh4 Bf7 47. Rc5 Kg7 48.
Kg4 Bg6 49. Rc7+ Kf6 50. Rc6+ Kg7 51. Kf4 Kf7 52. Ke5 Bh5 53. Kf5 Be2 54. Rxh6 Bd3+ 55. Ke5 Kg7 56. Rf6 Bg6 57. Rc6 Bc2 58. Rc7+ Kg6 59. Rxc2 Kf7 60. Rg2 Ke7 61. Rg7+ Kf8 62. Kf6 Ke8 63. Rh7 Kd8 64. Ke6 1-0

[Event "Late-Titled-Tuesday-Blitz-April-02-2024"]
[Site "Chess.com"]
[Date "2024.04.02"]
[Round "5"]
[White "KVAIDAN"]
[Black "rdarruda"]
[Result "1-0"]
[WhiteElo "2322"]
[BlackElo "2484"]
[TimeControl "180+1"]
[EndTime "14:55:11 PDT"]
[Termination "KVAIDAN won by resignation"]

1. f4 d5 2. Nf3 Nf6 3. e3 g6 4.
Be2 Bg7 5. O-O c5 6. d3 Nc6 7. Kh1 O-O 8. a4 Bg4 9. Nbd2 Qc7 10. e4 dxe4 11. dxe4 Rfd8 12. Qe1 Nb4 13. Bd1 Qxf4 14. e5 Nfd5 15. Ne4 Qf5 16. Nfg5 Qc8 17. e6 Bxe6 18. Qf2 Bf5 19. Nxc5 h6 20. c3 hxg5 21. cxb4 Nxb4 22. Be3 b6 23. Nb3 Nd3 24. Qg3 Nxb2 25. Bxg5 Nxd1 26. Raxd1 Rxd1 27. Rxd1 Qc2 28. Rc1 Qb2 29. Rf1 Bc2 30. Qf3 Qxb3 31. Qxa8+ Kh7 32. Qxa7 Bd3 33. Re1 e5 34.
Qe7 Qc3 35. Rg1 Bc4 36. Bf6 Bxf6 37. Qxf6 Be6 38. h3 Qc5 39. Rf1 e4 40. Qh4+ Kg7 41.
Qxe4 Qc3 42. Rf3 Qc1+ 43. Kh2 Qc7+ 44. Qf4 Qc2 45. Qf6+ Kg8 46. Rc3 Qd2 47. Rg3 Qd6 48.
Qg5 Qc7 49. h4 Kf8 50. h5 gxh5 51. Qxh5 Ke7 52. Qh6 Ke8 53. Qh4 Kf8 54. Qf6 Ke8 55. Qh8+ Ke7 56. Qh4+ Ke8 57. Qd4 Ke7 58. Qb4+ Ke8 59.
Qc3 Qf4 60. Qc6+ Ke7 61. Qb7+ Ke8 62. Qf3 Qh4+ 63. Kg1 Qd4+ 64. Qe3 Qd1+ 65. Kf2 Qxa4 66. Qxb6 Qf4+ 67. Rf3 Qh4+ 68. g3 Qh2+ 69. Ke3 Qg1+ 70. Rf2 Qxg3+ 71. Kd2 Qg5+ 72. Kc2 Qg6+ 73. Kb2 Qg7+ 74.
Ka3 Qa1+ 75. Kb4 Qb2+ 76. Rxb2 Ke7 77. Qc7+ Kf6 78. Rf2+ Kg7 79. Kc5 Kg6 80. Kd6 1-0

[Event "Late-Titled-Tuesday-Blitz-April-02-2024"]
[Site "Chess.com"]
[Date "2024.04.02"]
[Round "5"]
[White "Cambek64"]
[Black "ArtemDyachuk"]
[Result "0-1"]
[WhiteElo "2509"]
[BlackElo "2781"]
[TimeControl "180+1"]
[EndTime "14:55:13 PDT"]
[Termination "ArtemDyachuk won on time"]

1. e4 e5 2. Nf3 Nc6 3. Bb5 a6 4.
Bxc6 dxc6 5. d4 exd4 6. Qxd4 Qxd4 7. Nxd4 Bd7 8. Be3 O-O-O 9. Nd2 Nf6 10. f3 Bc5 11. N2b3 Bb6 12. Kf2 h5 13. Rad1 h4 14. Rhe1 Rh5 15. Ne2 Bxe3+ 16. Kxe3 Re8 17. Kf2 a5 18. Nf4 Rg5 19. Nd4 b6 20. Nde2 h3 21. g3 Rb5 22. Nd3 a4 23. Nc3 Ra5 24. a3 g5 25. g4 Nh7 26. Kg3 Rh8 27. Nf2 Nf8 28. Nxh3 Ng6 29. Ng1 Nf4 30. Nce2 Rb5 31. Rb1 Ne6 32. Nh3 Rc5 33. c3 f6 34. Nf2 Be8 35. Rbd1 Bf7 36. Nd3 Rb5 37. Nd4 Nxd4 38. cxd4 Rb3 39.
Rd2 Bc4 40. Nf2 Rd8 41. e5 fxe5 42. Rxe5 Bd5 43. Ne4 Rf8 44. Rf2 Rd3 45. Nxg5 Rd1 46. Ne6 Rg1+ 47. Kh4 Rh8+ 48. Rh5 Rxh5+ 49. Kxh5 Bxe6 50.
h4 Kd7 51. Kg5 Rd1 52. h5 Rxd4 53. f4 Bg8 54. f5 Ke8 55. Rf4 Rd6 56. h6 b5 57.
Re4+ Kf8 58. Re3 c5 59. Rc3 c4 60. Rh3 Bh7 61. Kf4 c5 62. g5 Kg8 63. g6 b4 64.
gxh7+ Kxh7 65. Ke5 Rd2 66. axb4 cxb4 67. f6 Rxb2 68.
Kd4 c3 69. f7 Rf2 70. Kc4 c2 71. Rh1 Rxf7 0-1

[Event "Late-Titled-Tuesday-Blitz-April-02-2024"]
[Site "Chess.com"]
[Date "2024.04.02"]
[Round "5"]
[White "trriinu"]
[Black "The_Straightforward_Rook"]
[Result "1/2-1/2"]
[WhiteElo "2276"]
[BlackElo "2362"]
[TimeControl "180+1"]
[EndTime "14:55:22 PDT"]
[Termination "Game drawn - insufficient material"]

1. e4 c6 2. Nc3 d5 3. Nf3 dxe4 4. Nxe4 Nf6 5. Qe2 Nxe4 6. Qxe4 Qd5 7. Qxd5 cxd5 8. Bb5+ Bd7 9. Bxd7+ Nxd7 10. c3 e5 11. O-O Bd6 12. Re1 O-O 13. d3 f6 14. Nh4 g6 15.
Bh6 Rfe8 16. Re2 Kf7 17. Rae1 b5 18. Bd2 a5 19. g3 b4 20. Ng2 Nb6 21. f4 Na4 22.
fxe5 fxe5 23. cxb4 Nxb2 24. d4 exd4 25. b5 Rxe2 26.
Rxe2 d3 27. Rf2+ Ke7 28. Bg5+ Kd7 29. Rxb2 Bc5+ 30. Be3 d4 31. Bf2 Bb4 32. Be1 Bc3 33.
Rf2 Re8 34. Rf7+ Kd6 35. Bxc3 dxc3 36. Rf3 d2 37. Rd3+ Ke7 38. Ne3 Rd8 39. Rxc3 d1=Q+ 40. Nxd1 Rxd1+ 41. Kf2 Rd2+ 42. Kf3 Rxa2 43. h4 Rb2 44. Rc7+ Kf6 45. Rc6+ Ke5 46. b6 a4 47. Rc5+ Kd4 48.
Ra5 Rb4 49. b7 Rxb7 50. Rxa4+ Ke5 51. Kg4 Kf6 52. Kh3 Rb6 53. Rf4+ Kg7 54. Rd4 h5 55.
Rd7+ Kf6 56. Rd2 Rb1 57. Rf2+ Ke5 58. Kg2 Rb4 59. Rf1 Rb6 60. Rf2 Ke4 61. Rf8 Ke3 62. Kh3 Re6 63. Kg2 Ke4 64. Rf7 Ke5 65. Rf8 Rf6 66.
Re8+ Kf5 67. Re1 Rc6 68. Rf1+ Ke6 69. Rf2 Rc4 70. Re2+ Kf5 71. Rf2+ Kg4 72. Rd2 Rb4 73. Re2 Ra4 74. Rd2 Ra3 75. Rd4+ Kf5 76. Rf4+ Ke6 77. Rf2 Ra5 78. Kh3 Ke5 79. Kg2 Ke4 80. Re2+ Kd3 81. Re6 g5 82. hxg5 Rxg5 83. Kh3 Kd4 84.
Kh4 Rg8 85. Re1 Rg4+ 86. Kh3 Re4 87. Rf1 Ke5 88. Rf8 Rg4 89. Rf7 Rg5 90. Rf8 Rf5 91. Rxf5+ Kxf5 92. Kh4 Kg6 93. g4 hxg4 94. Kxg4 1/2-1/2

[Event "Late-Titled-Tuesday-Blitz-April-02-2024"]
[Site "Chess.com"]
[Date "2024.04.02"]
[Round "5"]
[White "ATM622"]
[Black "RichardShtivelband"]
[Result "0-1"]
[WhiteElo "2520"]
[BlackElo "2308"]
[TimeControl "180+1"]
[EndTime "14:55:53 PDT"]
[Termination "RichardShtivelband won by resignation"]

1. d4 Nf6 2. c4 e6 3. g3 c5 4.
d5 exd5 5. cxd5 d6 6. Bg2 g6 7. Nc3 Bg7 8. Nf3 O-O 9. O-O Re8 10. Nd2 a6 11. a4 Nbd7 12. Nc4 Ne5 13. Nxe5 Rxe5 14. Bf4 Re8 15. e4 Ng4 16. h3 Ne5 17. a5 b5 18. axb6 Qxb6 19. Na4 Qb4 20. Bd2 Qb5 21. Qc2 Rb8 22. Bc3 Qd3 23. Qxd3 Nxd3 24. Bxg7 Kxg7 25. Rfd1 c4 26. Rab1 Bd7 27. Nc3 Nxb2 28.
Rd4 a5 29. f4 a4 30. Bf1 a3 31. Na2 Ba4 32. Ra1 Bb3 33. Nc3 a2 34. Rd2 Nd3 35. Bxd3 cxd3 36. Rb2 Bc4 37. Rxb8 Rxb8 38. Kf2 Rb2+ 39.
Ke3 Rc2 40. Nxa2 Rxa2 41. Rb1 Re2+ 42. Kf3 d2 43. Rd1 Bd3 44. e5 dxe5 45. fxe5 Rxe5 46. Rxd2 Bb5 47. Kf4 f6 48. d6 Bd7 49. g4 Kf7 50. h4 h6 51. Kg3 g5 52. hxg5 hxg5 53. Rf2 Ke6 54. Rd2 Rd5 55. Re2+ Kxd6 56. Re1 Be6 57. Rf1 Ke7 58. Ra1 Rd4 59. Ra7+ Bd7 60. Ra5 Rxg4+ 61. Kf3 Rf4+ 62. Kg3 Kf7 63. Ra7 Ke7 64. Ra6 Bf5 65. Rb6 Kf7 66. Ra6 Kg6 67. Ra8 Rd4 68. Rg8+ Kf7 69. Rb8 Be6 70. Rb7+ Rd7 71. Rb6 Bd5 72.
Ra6 Kg6 73. Rb6 Be4 74. Rb4 Rd3+ 75. Kf2 f5 76. Rb6+ Kh5 77. Rf6 Kg4 78. Ke2 Kf4 79.
Rf8 g4 80. Rf7 g3 81. Rg7 g2 82. Kf2 Rd2+ 83. Ke1 Rb2 84. Kd1 Ke3 85. Kc1 Rf2 86. Rg3+ Kd4 87. Rg8 Rf1+ 88. Kd2 g1=Q 89. Rd8+ Ke5 90.
Rd4 Qxd4+ 0-1

[Event "Late-Titled-Tuesday-Blitz-April-02-2024"]
[Site "Chess.com"]
[Date "2024.04.02"]
[Round "5"]
[White "Practical-Play"]
[Black "Mysterio47"]
[Result "1-0"]
[WhiteElo "2502"]
[BlackElo "2744"]
[TimeControl "180+1"]
[EndTime "14:55:55 PDT"]
[Termination "Practical-Play won by resignation"]

1. e4 c5 2. c3 b6 3. d4 Bb7 4. Bd3 e6 5. Nf3 Nf6 6. Qe2 d5 7. exd5 Nxd5 8. Bb5+ Bc6 9. Bxc6+ Nxc6 10. c4 Nde7 11. dxc5 bxc5 12. O-O Nf5 13. Qe4 Qc8 14. Re1 Be7 15. Nc3 O-O 16. Bf4 Bf6 17. Rac1 Rd8 18. Red1 Nfd4 19. Ne1 Qa6 20. b3 Be7 21. Nd3 Qa5 22.
Bd2 Qc7 23. Na4 f5 24. Qe1 Nb8 25. Bf4 Qc6 26. Ne5 Qe8 27. Nd3 Nd7 28. Be3 e5 29.
Bxd4 exd4 30. Qe6+ Qf7 31. Nf4 Bg5 32. Qxf7+ Kxf7 33. g3 Bxf4 34. gxf4 a5 35. Re1 Re8 36. Kg2 Re4 37.
Nb2 Rxf4 38. f3 Re8 39. Rxe8 Kxe8 40. Re1+ Kf7 41. Nd3 Rh4 42. Ne5+ Nxe5 43. Rxe5 d3 44. Rd5 Ke6 45. Rxd3 g5 46. Re3+ Kd6 47. Re8 Rd4 48. Rf8 Ke5 49. Kg3 h5 50. Re8+ Kf6 51. Rf8+ Kg6 52.
Rg8+ Kh6 53. Rh8+ Kg7 54. Rxh5 Kg6 55. Rh8 Rd2 56. Rg8+ Kf6 57. Rf8+ Ke5 58. Re8+ Kf6 59. Rf8+ Kg6 60. Rg8+ Kf7 61. Rxg5 Kf6 62. Rg8 Rxa2 63. Rc8 a4 64. bxa4 Rxa4 65. Rxc5 Ra3 66. Kf4 Ra2 67.
Rxf5+ Kg6 68. h4 Rh2 69. Rg5+ Kf6 70. Kg3 Rc2 71. Rc5 Rc3 72. h5 Kg7 73. Kg4 Kh6 74. Rc6+ Kh7 75. f4 Rc1 76. Kg5 Kg7 77. Rc7+ Kg8 78. Kf6 Rh1 79. Rc8+ Kh7 80. Rc7+ Kh6 81. Rc8 Kh7 82. Rc5 Rd1 83. Rc7+ Kh6 84. Rc5 Re1 85. Rg5 Rc1 86. c5 Kh7 87. Ke6 Rc4 88. Kd6 Rxf4 89.
c6 Kh6 90. Rg1 Kxh5 91. c7 Rd4+ 92. Ke7 Rc4 93. Kd8 Rd4+ 94. Kc8 Rc4 95. Rd1 Kg6 96. Kd7 1-0

[Event "Late-Titled-Tuesday-Blitz-April-02-2024"]
[Site "Chess.com"]
[Date "2024.04.02"]
[Round "5"]
[White "Romkachess"]
[Black "platy3"]
[Result "1/2-1/2"]
[WhiteElo "2681"]
[BlackElo "2944"]
[TimeControl "180+1"]
[EndTime "14:56:24 PDT"]
[Termination "Game drawn by 50-move rule"]

1. e4 c5 2. Nf3 e6 3. d4 cxd4 4. Nxd4 Nc6 5. Nc3 Qc7 6. Be3 a6 7. Qd2 Nf6 8. f4 Bb4 9. Bd3 b5 10. a3 Be7 11. Nxc6 dxc6 12. e5 Ng4 13. Ne4 c5 14. h3 Nxe3 15. Qxe3 Bb7 16. c4 Bh4+ 17. g3 Be7 18. O-O-O O-O-O 19. Rhe1 b4 20. axb4 cxb4 21. Kb1 Kb8 22. c5 Bxe4 23. Qxe4 a5 24. c6 Qb6 25. Bc4 Kc7 26. Rd7+ Rxd7 27. cxd7 Rd8 28. Rc1 Kb8 29. Qd3 Bc5 30. Bb5 Be3 31. Rc2 Qd4 32. Qe2 g5 33. Ba4 gxf4 34. Qb5+ Qb6 35. Qc4 Qb7 36. gxf4 Qh1+ 37.
Ka2 Qd5 38. Qxd5 exd5 39. f5 d4 40. e6 fxe6 41. fxe6 Bg5 42. Re2 Be7 43. Re4 Kc7 44.
Rxd4 Rb8 45. Kb3 Rf8 46. Rg4 Rf3+ 47. Kc4 Kd6 48. Rg7 Kxe6 49. Rxh7 Rf4+ 50. Kb3 Rf3+ 51. Kc4 Rf4+ 52. Kd3 Rf3+ 53. Ke4 Rg3 54. Rh6+ Kf7 55. Rh7+ Ke6 56. Rh6+ Kf7 57. Bb5 Rg2 58. Bc4+ Kg7 59.
Re6 Kf8 60. b3 Rd2 61. Ra6 Rxd7 62. Rxa5 Rd2 63. Rf5+ Ke8 64. Rh5 Rh2 65. Rh8+ Kd7 66. Kf3 Rh1 67. Rh7 Kd6 68. Kg4 Rg1+ 69. Kh5 Rg5+ 70.
Kh6 Rg3 71. h4 Bxh4 72. Rg7 Rc3 73. Rg4 Bf6 74. Kg6 Be5 75. Kf5 Re3 76. Rg6+ Kc5 77.
Re6 Kd4 78. Re8 Rf3+ 79. Kg4 Rf4+ 80. Kg5 Rf2 81. Rd8+ Kc3 82. Rd5 Bd4 83. Rd7 Rf8 84. Kg4 Rc8 85. Kf5 Rc5+ 86. Ke4 Bf6 87. Rd3+ Kb2 88.
Rf3 Bc3 89. Bd5 Rc7 90. Bc4 Re7+ 91. Kd5 Rd7+ 92. Kc6 Rd2 93. Rf5 Rd4 94. Rb5 Kc2 95. Rd5 Rh4 96. Kb5 Rh6 97. Rd7 Rh8 98. Rd5 Rb8+ 99.
Kc6 Rc8+ 100. Kb5 Kb2 101. Rd7 Ra8 102. Rf7 Kc2 103. Rf2+ Kd1 104. Rg2 Ke1 105. Bd3 Ra3 106. Bc4 Ra7 107. Re2+ Kd1 108. Re6 Kd2 109. Be2 Ra3 110. Bc4 Ra7 111. Rd6+ Kc1 112. Rg6 Kc2 113. Rg2+ Kd1 114. Kc5 Ra5+ 115. Kd6 Re5 116. Rg1+ Kd2 117. Rg2+ Kc1 118. Rg1+ Kb2 119. Rg2+ Ka3 120. Kc6 Re1 121. Rh2 Rb1 1/2-1/2

[Event "Late-Titled-Tuesday-Blitz-April-02-2024"]
[Site "Chess.com"]
[Date "2024.04.02"]
[Round "6"]
[White "miraitrunks"]
[Black "Hirna2005"]
[Result "0-1"]
[WhiteElo "2181"]
[BlackElo "2329"]
[TimeControl "180+1"]
[EndTime "14:57:46 PDT"]
[Termination "Hirna2005 won by checkmate"]

1. e4 g6 2. d4 Bg7 3. Nc3 d6 4. Be3 a6 5. a4 Nc6 6. h3 e5 7. Nge2 f5 8. g3 Nf6 9. dxe5 Nxe5 10.
exf5 Nf3# 0-1

[Event "Late-Titled-Tuesday-Blitz-April-02-2024"]
[Site "Chess.com"]
[Date "2024.04.02"]
[Round "6"]
[White "ploxoi"]
[Black "chessydotcom"]
[Result "0-1"]
[WhiteElo "2458"]
[BlackElo "2319"]
[TimeControl "180+1"]
[EndTime "14:59:39 PDT"]
[Termination "chessydotcom won by resignation"]

1. d4 d5 2. Nf3 c5 3. c4 e6 4.
cxd5 exd5 5. g3 Nc6 6. Bg2 Nf6 7. O-O Bd6 8. a3 a6 9. dxc5 Bxc5 10. b4 Ba7 11.
Qc2 O-O 12. Bb2 Be6 13. Rd1 Rc8 14. Qd3 Ne4 15. Nd4 Qf6 16. e3 Qxf2+ 17. Kh1 Qxb2 18.
Kg1 Nf2 19. Qd2 Nxd1 0-1

[Event "Late-Titled-Tuesday-Blitz-April-02-2024"]
[Site "Chess.com"]
[Date "2024.04.02"]
[Round "6"]
[White "TheMagician"]
[Black "Cambek64"]
[Result "0-1"]
[WhiteElo "2302"]
[BlackElo "2513"]
[TimeControl "180+1"]
[EndTime "14:59:51 PDT"]
[Termination "Cambek64 won by resignation"]

1. e4 Nf6 2. e5 Nd5 3. d4 d6 4. exd6 cxd6 5. Nf3 g6 6. c4 Nb6 7.
Nc3 Bg7 8. h3 O-O 9. Be2 Nc6 10.
Be3 Bf5 11. O-O d5 12. c5 Nc4 13. Bc1 b6 14. b3 bxc5 15. bxc4 cxd4 16. Nxd5 d3 17. Rb1 dxe2 0-1

[Event "Late-Titled-Tuesday-Blitz-April-02-2024"]
[Site "Chess.com"]
[Date "2024.04.02"]
[Round "6"]
[White "esrosenberg"]
[Black "remyrushbrooke"]
[Result "0-1"]
[WhiteElo "2437"]
[BlackElo "2263"]
[TimeControl "180+1"]
[EndTime "14:59:58 PDT"]
[Termination "remyrushbrooke won by checkmate"]

1. d4 g6 2. e4 Bg7 3. Nf3 d6 4. Nc3 a6 5. Bd3 b5 6. Qe2 Bb7 7. e5 dxe5 8. dxe5 e6 9. O-O c5 10. Bg5 Qc7 11. Bxb5+ axb5 12. Nxb5 Qc6 13. Nd6+ Kf8 14.
Qe3 Nd7 15. Qf4 Nxe5 16. Nxe5 Qxg2# 0-1

[Event "Late-Titled-Tuesday-Blitz-April-02-2024"]
[Site "Chess.com"]
[Date "2024.04.02"]
[Round "6"]
[White "SultaiC"]
[Black "bipe137"]
[Result "0-1"]
[WhiteElo "2515"]
[BlackElo "2663"]
[TimeControl "180+1"]
[EndTime "15:00:19 PDT"]
[Termination "bipe137 won by resignation"]

1. e4 c5 2. c3 Nf6 3. e5 Nd5 4. Nf3 e6 5. d4 cxd4 6. cxd4 d6 7. Nc3 Nxc3 8. bxc3 Qc7 9. Qc2 Nd7 10. Bf4 dxe5 11. Nxe5 Bd6 12. Qe4 Qxc3+ 13. Ke2 Qxa1 14. Nxf7 Qxa2+ 15. Kf3 Qa3+ 16. Bd3 Kxf7 17. d5 Nf6 18. Qd4 Nxd5 19.
Ra1 Qc5 20. Qe4 Nxf4 21. Rd1 Qh5+ 22. Ke3 Qxd1 0-1

[Event "Late-Titled-Tuesday-Blitz-April-02-2024"]
[Site "Chess.com"]
[Date "2024.04.02"]
[Round "6"]
[White "simaopdias"]
[Black "katharinareinecke"]
[Result "0-1"]
[WhiteElo "2310"]
[BlackElo "2024"]
[TimeControl "180+1"]
[EndTime "15:00:33 PDT"]
[Termination "katharinareinecke won by resignation"]

1. e4 c6 2. d4 d5 3. exd5 cxd5 4. c4 e6 5. Nc3 Nf6 6. Nf3 Be7 7. cxd5 Nxd5 8.
Bb5+ Bd7 9. Bd3 O-O 10. O-O Nxc3 11. bxc3 Bf6 12. Qc2 g6 13. Re1 Nc6 14. Rb1 Qc8 15. Bh6 Rd8 16. Rec1 a6 17. h3 b5 18. Be4 Rb8 19.
Qe2 Na5 20. Nd2 Bc6 21. Bf4 Rb7 22. a4 bxa4 23. Qxa6 Rxb1 24. Rxb1 Qxa6 0-1

[Event "Late-Titled-Tuesday-Blitz-April-02-2024"]
[Site "Chess.com"]
[Date "2024.04.02"]
[Round "6"]
[White "CatLoverPL"]
[Black "javierfreilemartin"]
[Result "1-0"]
[WhiteElo "2505"]
[BlackElo "2296"]
[TimeControl "180+1"]
[EndTime "15:00:40 PDT"]
[Termination "CatLoverPL won by resignation"]

1. g3 Nf6 2. Bg2 g6 3. c4 Bg7 4. Nf3 d6 5. O-O O-O 6. d3 e5 7.
Nc3 Re8 8. Rb1 Nbd7 9. b4 e4 10. dxe4 Nxe4 11. Nxe4 Rxe4 12. Nd2 Re7 13. Bb2 Nf6 14.
c5 a5 15. a3 axb4 16. axb4 Ra2 17. cxd6 Qxd6 18. Nc4 Qxd1 19. Rfxd1 Rxe2 20. Rd8+ Ne8 21. Rxc8 b5 22. Bxg7 Kxg7 23. Ne3 Nd6 24. Rxc7 1-0

[Event "Late-Titled-Tuesday-Blitz-April-02-2024"]
[Site "Chess.com"]
[Date "2024.04.02"]
[Round "6"]
[White "Firouzja2003"]
[Black "Kiborg95"]
[Result "1-0"]
[WhiteElo "3092"]
[BlackElo "2848"]
[TimeControl "180+1"]
[EndTime "15:01:04 PDT"]
[Termination "Firouzja2003 won by resignation"]

1. e4 d6 2. d4 Nf6 3. Nc3 e5 4. Nf3 Nbd7 5. g4 h6 6. Rg1 c6 7. h4 exd4 8. Nxd4 Ne5 9. g5 hxg5 10. hxg5 Nfg4 11. Be2 d5 12. exd5 Bc5 13. Bf4 Qb6 14. Na4 Qa5+ 15. c3 cxd5 16. Nxc5 Qxc5 17. Qd2 Nc4 18.
Bxc4 Qxc4 19. f3 O-O 20. fxg4 Re8+ 21. Kf2 1-0